[Event "*** Titled Tuesday Blitz"]
[Site "Chess.com"]
[Date "2018.05.01"]
[Round "9"]
[White "amiralfio"]
[Black "FMJoseHerrera"]
[Result "1-0"]
[WhiteElo "2373"]
[BlackElo "2405"]
[TimeControl "180+2"]
[EndTime "15:01:36 PDT"]
[Termination "amiralfio won on time"]

1. d4 Nf6 2. Nf3 g6 3. c4 c5 4.
d5 b5 5. Qc2 Bg7 6. e4 O-O 7.
cxb5 a6 8. Nc3 Qa5 9. Bd2 d6 10. a4 Bg4 11. Be2 Nbd7 12. O-O Rfb8 13. bxa6 Bxf3 14.
gxf3 Qb6 15. Bb5 Ne5 16. f4 Nf3+ 17. Kg2 Nd4 18. Qd3 Nh5 19. Ra2 Bh6 20. f5 Bg7 21. fxg6 fxg6 22. f4 Rf8 23. Ne2 Qd8 24. Nxd4 cxd4 25.
b4 Qc8 26. h3 Qd8 27. Bc6 Ra7 28. b5 e5 29. dxe6 Qh4 30. b6 Re7 31. a7 g5 32.
b7 gxf4 33. a8=Q Be5 34. Qxf8+ Kxf8 35. b8=Q+ Kg7 36. Qf3 Rxe6 37. Qg4+ Qxg4+ 38. hxg4 Nf6 39. g5 Nh5 40. Qb7+ Kg6 41. Bd7 Re7 42. Bf5+ Kf7 43. Qd5+ Kg7 44. a5 1-0

[Event "*** Titled Tuesday Blitz"]
[Site "Chess.com"]
[Date "2018.05.01"]
[Round "9"]
[White "DishonorOnYourCow"]
[Black "DrZeiss"]
[Result "0-1"]
[WhiteElo "2310"]
[BlackElo "2239"]
[TimeControl "180+2"]
[EndTime "15:01:45 PDT"]
[Termination "DrZeiss won on time"]

1. d4 Nf6 2. c4 c5 3. d5 e6 4.
Nc3 exd5 5. cxd5 d6 6. e4 g6 7. Nf3 Bg7 8. Bf4 O-O 9. Bd3 a6 10. a4 Bg4 11. O-O Qe7 12. h3 Bxf3 13. Qxf3 Nbd7 14.
Qd1 h5 15. Bh2 Nh7 16. f4 Rac8 17. Kh1 c4 18. Bc2 Rfe8 19. e5 dxe5 20. f5 Nhf8 21. d6 Qd8 22. fxg6 fxg6 23. Qd5+ Kh7 24. Qxb7 Rb8 25.
Qxa6 Rxb2 26. Be4 Nc5 27. Qxc4 Qxd6 28. Rad1 Qe7 29. Rf7 Qg5 30. Qxc5 Ne6 31. Qxe5 Qxe5 32. Bxe5 Kg8 33. Rxg7+ Nxg7 34. Bd5+ Kh7 35. Bd4 Nf5 36. Nb5 Nxd4 37. Rxd4 Rb1+ 38. Kh2 Ra1 39. Bc6 Ree1 40. h4 Kh6 41. Nd6 Kg7 42. Ne8+ Kf7 43. Nd6+ Kf6 44. Nb7 Ke5 45. Rb4 Rec1 46. Bb5 Rc2 0-1

[Event "*** Titled Tuesday Blitz"]
[Site "Chess.com"]
[Date "2018.05.01"]
[Round "9"]
[White "ENEASZ"]
[Black "FairChess_on_YouTube"]
[Result "0-1"]
[WhiteElo "2464"]
[BlackElo "2869"]
[TimeControl "180+2"]
[EndTime "15:01:52 PDT"]
[Termination "FairChess_on_YouTube won by resignation"]

1. e4 c5 2. c3 d5 3. exd5 Qxd5 4. d4 g6 5. Nf3 Bg7 6. Na3 cxd4 7. Bc4 Qe4+ 8. Be3 Nh6 9. cxd4 O-O 10. O-O Nf5 11.
Re1 Qc6 12. Rc1 Nxe3 13. Rxe3 Qd7 14. Ne5 Bxe5 15. dxe5 Qxd1+ 16. Rxd1 Nc6 17. Nb5 a6 18. Nc7 Ra7 19. e6 f5 20. Bd5 Rd8 21. Rc1 Nb4 22.
Bb3 b5 23. Kf1 Bb7 24. a3 Nc6 25. Bd5 Rd6 26. Bf3 Nd4 27. Bxb7 Rxb7 28. Rd3 b4 29. Nxa6 Rxa6 30. Rxd4 bxa3 31. bxa3 Rxe6 32. Re1 Ra6 33. a4 Kf7 34. f4 Raa7 35. g3 Rb3 36. Ra1 Rb2 37.
Kg1 Rc7 38. a5 Rcc2 39. a6 Rg2+ 40. Kh1 Rxh2+ 41. Kg1 Rhg2+ 42. Kf1 Rgf2+ 43. Ke1 Rh2 44. Rd2 Rh1+ 45. Ke2 Rxd2+ 46. Kxd2 Rxa1 0-1

[Event "*** Titled Tuesday Blitz"]
[Site "Chess.com"]
[Date "2018.05.01"]
[Round "9"]
[White "igorkovalenko"]
[Black "Indianlad"]
[Result "1-0"]
[WhiteElo "2738"]
[BlackElo "2656"]
[TimeControl "180+2"]
[EndTime "15:01:53 PDT"]
[Termination "igorkovalenko won by resignation"]

1. d4 Nf6 2. Nf3 e6 3. e3 d5 4. Bd3 Bd6 5. O-O O-O 6. b3 b6 7. Bb2 Bb7 8. Ne5 c5 9. Nd2 Nc6 10. f4 Rc8 11. a3 cxd4 12. exd4 Ne7 13. Qe1 Qc7 14. Rc1 Qb8 15. Qe2 Rfe8 16. g4 Ng6 17. g5 Ne4 18. Rf3 Bxe5 19. fxe5 Nxg5 20. Rg3 h6 21.
Rf1 Qc7 22. Qh5 Ne4 23. Rg2 Qe7 24. Bc1 Qh4 25. Qf3 Ng5 26. Qe3 Nh3+ 27. Kh1 Nhf4 28. Rgf2 Nxd3 29. Qxd3 Nxe5 30. dxe5 Rc3 31. Qxc3 d4+ 32.
Qf3 Bxf3+ 33. Nxf3 Qe4 34. Re1 Qd5 35. Rd1 g5 36.
Rxd4 Qc5 37. Kg2 Kg7 38. h4 Rg8 39. hxg5 hxg5 40. Bxg5 Kg6 41. Rfd2 Qc6 42. Kg3 Qc3 43. Rf4 Qa1 44. Rf6+ Kg7 45. Rd7 Kh8 46. Rfxf7 Rxg5+ 47. Nxg5 Qg1+ 48. Kh4 Qh1+ 49. Kg4 Qg2+ 50. Kh5 Qh2+ 51. Kg6 Qxc2+ 52. Kf6 Qf5+ 53. Ke7 Qxg5+ 54. Kxe6 Qg6+ 55.
Ke7 Qg5+ 56. Kd6 Qd2+ 57. Kc7 Qc2+ 58. Kb8 Kg8 59. Rg7+ Kf8 60. Rdf7+ Ke8 61. Rc7 1-0

[Event "*** Titled Tuesday Blitz"]
[Site "Chess.com"]
[Date "2018.05.01"]
[Round "9"]
[White "Sven_Tica"]
[Black "FastChance"]
[Result "0-1"]
[WhiteElo "2639"]
[BlackElo "2671"]
[TimeControl "180+2"]
[EndTime "15:01:53 PDT"]
[Termination "FastChance won by resignation"]

1. d4 e6 2. c4 Bb4+ 3. Bd2 Bxd2+ 4. Nxd2 Nf6 5. g3 O-O 6. Bg2 d6 7. e3 Qe7 8. Ne2 e5 9. O-O a5 10. Rb1 Nc6 11. d5 Nb8 12. Nc3 Na6 13. a3 Bf5 14. e4 Bg4 15. f3 Bd7 16. b4 axb4 17. axb4 c6 18. Qe2 Rfc8 19. h3 c5 20. b5 Nb4 21. f4 Nc2 22. f5 Nd4 23. Qe3 Ra3 24.
Kh1 Rca8 25. Rb2 h6 26. Ndb1 Ra1 27. Kh2 Qd8 28. g4 Nh7 29. Kg3 Qg5 30. Qd2 Nf6 31. Qxg5 hxg5 32. h4 Nh7 33. Rh1 gxh4+ 34. Rxh4 Ng5 35.
Bf1 f6 36. Bd3 Kf7 37. Rh1 Ke7 38. Rbh2 Kd8 39. Kf2 Kc7 40. Ke3 Kb6 41. Rb2 Ndf3 42. Rf1 Nd4 43. Rff2 Rh8 44. Rh2 Raa8 45. Na4+ Ka5 46.
Nac3 Ngf3 47. Ra2+ Kb6 48. Rxa8 Rxa8 49. Rh7 Rg8 50. Nd2 Ng5 51. Rh1 Ka5 52. Ra1+ Kb6 53. Na4+ Kc7 54. Nc3 Rh8 55. Rb1 Rh3+ 56. Kf2 Rxd3 0-1

[Event "*** Titled Tuesday Blitz"]
[Site "Chess.com"]
[Date "2018.05.01"]
[Round "9"]
[White "GameOverBro"]
[Black "Manukyan_Artak"]
[Result "1-0"]
[WhiteElo "2426"]
[BlackElo "2365"]
[TimeControl "180+2"]
[EndTime "15:01:53 PDT"]
[Termination "GameOverBro won by resignation"]

1. e4 c6 2. Nc3 d5 3. Nf3 Bg4 4. h3 Bxf3 5. Qxf3 Nf6 6. d3 e5 7. exd5 Nxd5 8. Bd2 Bb4 9. a3 Bxc3 10. bxc3 O-O 11. g3 f5 12. Qe2 e4 13. d4 f4 14.
gxf4 Nxf4 15. Qc4+ Qd5 16. Rb1 b5 17. Qxd5+ Nxd5 18. c4 bxc4 19. Bxc4 Nd7 20. Be3 Rab8 21. Kd2 Rxb1 22. Rxb1 Rb8 23. Rxb8+ Nxb8 24. Bb3 Kf8 25. c4 Nf6 26. Kc3 Ke7 27. Kb4 Kd7 28. Ba4 Na6+ 29. Ka5 Nc7 30. d5 Nfxd5 31. cxd5 Nxd5 32. Bxa7 Nf4 33. Bd1 Kc7 34. Bd4 Nxh3 35. Bxg7 Nxf2 36. Be5+ Kb7 37. Bh5 Nd3 38. Bd4 Nf4 39. Bg4 h5 40.
Bf5 h4 41. Bxe4 h3 42. Be5 Nd5 43. Bf5 Ne3 44. Bd3 Ng4 45. Bg3 h2 46. Be4 Nf6 47. Bg2 Ng4 48. Kb4 Kb6 49. a4 c5+ 50. Kc4 Ka5 51.
Kxc5 Kxa4 52. Kd4 Kb5 53. Ke4 Nf6+ 54. Kf5 Nd5 55. Bxd5 Kc5 56. Bg2 Kd4 57. Bxh2 1-0

[Event "*** Titled Tuesday Blitz"]
[Site "Chess.com"]
[Date "2018.05.01"]
[Round "9"]
[White "Sanan_Sjugirov"]
[Black "Eliwood44"]
[Result "1-0"]
[WhiteElo "2777"]
[BlackElo "2189"]
[TimeControl "180+2"]
[EndTime "15:02:00 PDT"]
[Termination "Sanan_Sjugirov won by resignation"]

1. e4 e5 2. Nf3 Nc6 3. Bb5 Nf6 4.
d3 d6 5. O-O g6 6. c4 Bg7 7.
Nc3 O-O 8. h3 Bd7 9. Be3 a6 10.
Ba4 Ne7 11. Bxd7 Qxd7 12. d4 exd4 13. Nxd4 Nc6 14. Nxc6 bxc6 15. Qd3 Rfe8 16. Rad1 Qe7 17. f3 Nd7 18. b3 Ne5 19. Qc2 Qf6 20. Ne2 a5 21.
Bd4 Qe7 22. f4 Nd7 23. Bxg7 Kxg7 24. Nc3 Nc5 25. Rde1 Kg8 26. Kh1 Qh4 27. Re3 Re7 28.
Qe2 Rae8 29. Qf3 f5 30. e5 dxe5 31. Qxc6 Ne4 32. Nxe4 fxe4 33. Rxe4 Rf8 34. Qd5+ Kh8 35. Rxe5 Ref7 36. Re4 Qg3 37. Qxa5 Kg8 38. Qe1 Qd3 39. Qe2 Qc3 40. Qe3 Qc2 41. a4 Qa2 42. Qc3 Rd7 43.
Ra1 Qf2 44. Qe3 Qc2 45. a5 Rd3 46. Qe1 Qxb3 47. Kh2 g5 48. a6 Rxf4 49. Rxf4 gxf4 50. a7 Rxh3+ 51. gxh3 Qc2+ 52. Kh1 f3 53. a8=Q+ Kg7 54.
Qe5+ Kh6 55. Qf4+ Kh5 56. Qaxf3+ 1-0

[Event "*** Titled Tuesday Blitz"]
[Site "Chess.com"]
[Date "2018.05.01"]
[Round "9"]
[White "JoachimBN"]
[Black "PrinceCharming92"]
[Result "1/2-1/2"]
[WhiteElo "2551"]
[BlackElo "2468"]
[TimeControl "180+2"]
[EndTime "15:02:03 PDT"]
[Termination "Game drawn by agreement"]

1. b3 d5 2. Bb2 Nf6 3. Nf3 c6 4. g3 Bf5 5. Bg2 Bg6 6. O-O e6 7. Ne5 Be7 8. d3 Nbd7 9. Nxg6 hxg6 10. Nd2 O-O 11. e4 Qb6 12. Qe2 Bc5 13. a3 a5 14. h3 Rfd8 15. Kh2 Qc7 16. f4 Nf8 17. Rad1 b5 18. e5 N6d7 19. Nf3 Bb6 20. Ng5 Nh7 21. h4 Ndf8 22. Nxh7 Nxh7 23. h5 Nf8 24.
hxg6 Nxg6 25. Bh3 Ne7 26. g4 d4 27. f5 Rd5 28. Rde1 Qd7 29. f6 Ng6 30. Qf2 Bc7 31.
Kg1 Rd8 32. Bc1 Rxe5 33. Rxe5 Bxe5 34. g5 Qd6 35. fxg7 Qe7 36. Bg2 Rc8 37. Be4 Kxg7 38. Kg2 Rh8 39. Rh1 Rxh1 40. Kxh1 c5 41. Qf3 Qd8 42.
Qh3 Qh8 43. Qxh8+ Nxh8 44. Kg2 Ng6 45. Kf3 Ne7 46. Bd2 f5 47. gxf6+ Kxf6 48. Bxa5 Bd6 49. Be1 Nd5 50. a4 bxa4 51. bxa4 Nb4 52. a5 Bc7 53. a6 Nxa6 54. Bh4+ Kf7 55. Be1 Ke7 56. Bh4+ Kd7 57. Be1 Nb8 58. c3 Be5 59. c4 Kd6 60. Ba5 Nc6 61. Bb6 Bf6 62. Bxc6 Kxc6 63. Ba5 Be7 64. Ke4 Kd6 65. Be1 Bf6 66. Bg3+ Kc6 67. Bf4 Be7 68. Be5 Bd8 69. Bg7 Bc7 70. Bf8 Bd6 71. Bg7 Kb6 72. Bf6 Ka5 73. Bd8+ Ka6 74. Bf6 Kb7 75. Bh4 Kc6 76. Be1 Kb6 77. Bf2 Kc6 78.
Bh4 Bc7 79. Be7 Bd6 80. Bd8 Bc7 81. Bf6 Bd6 82. Bg5 1/2-1/2

[Event "*** Titled Tuesday Blitz"]
[Site "Chess.com"]
[Date "2018.05.01"]
[Round "9"]
[White "TigranLPetrosyan"]
[Black "OparinGrigoriy"]
[Result "1/2-1/2"]
[WhiteElo "2729"]
[BlackElo "2876"]
[TimeControl "180+2"]
[EndTime "15:02:11 PDT"]
[Termination "Game drawn by repetition"]

1. Nf3 Nf6 2. g3 b6 3. Bg2 Bb7 4. O-O e6 5. d3 c5 6. e4 d5 7. Nbd2 Be7 8. e5 Nfd7 9. Re1 Nc6 10. Nf1 Qc7 11. Bf4 h6 12. h4 O-O-O 13. Ne3 Rdg8 14. Nxd5 exd5 15. e6 Bd6 16. exd7+ Qxd7 17. Bxd6 Qxd6 18.
d4 Re8 19. Qd2 Kc7 20. c3 f6 21. h5 cxd4 22. Nxd4 Nxd4 23. cxd4 Kb8 24. a3 Bc6 25.
Qc2 Rxe1+ 26. Rxe1 Re8 27. Rc1 Rc8 28. Qg6 Rc7 29. Qh7 a5 30. Qg8+ Ka7 31. Kh2 Qd7 32. b4 Rc8 33. Qh7 Bb7 34. Rxc8 Bxc8 35. bxa5 bxa5 36.
Qc2 Bb7 37. Qc5+ Kb8 38. Qxa5 Qf5 39. Qd8+ Ka7 40. Qa5+ Kb8 41. Qd2 Qxh5+ 42. Kg1 Qf5 43. a4 Qe6 44. a5 Qd6 45. Qb2 Ka7 46. Qb3 g5 47. Bf3 f5 48. Kg2 f4 49. g4 Qc6 50.
Qb4 Qc7 51. Qa3 Qc6 52. Qb4 Qc7 53. Qa3 Qc6 54. Be2 Qc7 55. Bf3 Qc6 1/2-1/2

[Event "*** Titled Tuesday Blitz"]
[Site "Chess.com"]
[Date "2018.05.01"]
[Round "9"]
[White "Morshynska"]
[Black "tteshan"]
[Result "1-0"]
[WhiteElo "2116"]
[BlackElo "1979"]
[TimeControl "180+2"]
[EndTime "15:02:18 PDT"]
[Termination "Morshynska won by resignation"]

1. d4 d5 2. c4 dxc4 3. Nf3 Nf6 4.
e3 Bg4 5. Bxc4 e6 6. Qb3 Bxf3 7. gxf3 b6 8. Nc3 c6 9. Bd2 Be7 10. O-O-O a5 11. a4 Na6 12. Kb1 Nb4 13. Na2 Nfd5 14.
Nc1 Qd7 15. e4 Nc7 16. Be3 Rb8 17. f4 Qc8 18. h4 Nca6 19. h5 c5 20. Bb5+ Kf8 21.
d5 exd5 22. exd5 Bd6 23. h6 gxh6 24. Rxh6 Qf5+ 25. Bd3 Nxd3 26. Qxd3 Qxd3+ 27. Nxd3 Ke7 28. Ne5 Rbg8 29. Rdh1 Rg7 30. Bd2 Nc7 31. Bc3 Nxd5 32. Nc6+ Kd7 33. Bxg7 Rg8 34. Ne5+ Bxe5 35. Bxe5 Rg6 36.
Rxg6 hxg6 37. Rh8 Ke6 38. Kc2 Kf5 39. Kd3 Nb4+ 40. Kc4 Ke4 41. Kb5 Nd5 42. Rf8 f5 43. Rg8 Kf3 44. Rxg6 Kxf2 45. Rxb6 Nxb6 46. Kxb6 Ke3 47.
Kxc5 Kd3 48. Kb5 Ke4 49. Kxa5 1-0

[Event "*** Titled Tuesday Blitz"]
[Site "Chess.com"]
[Date "2018.05.01"]
[Round "9"]
[White "Zenzo"]
[Black "tomsishere"]
[Result "0-1"]
[WhiteElo "2386"]
[BlackElo "2376"]
[TimeControl "180+2"]
[EndTime "15:02:25 PDT"]
[Termination "tomsishere won by checkmate"]

1. e4 c5 2. Nf3 e6 3. d4 cxd4 4. Nxd4 Nc6 5. Nc3 Qc7 6. Be3 a6 7. Qd2 Nf6 8. O-O-O Be7 9. f3 b5 10. Kb1 h5 11. a3 Ne5 12. Qf2 Nc4 13. Bxc4 bxc4 14. h3 Rb8 15. Ka2 Qa5 16. Nb1 d5 17. exd5 Nxd5 18. Nc6 Qa4 19. Rxd5 Qxc6 20. Rd2 e5 21. f4 c3 22. Nxc3 Be6+ 23. Ka1 Bxa3 24. Rb1 Bxb2+ 25. Rxb2 Qxc3 26. Bb6 exf4 27. Qd4 Qa3+ 28.
Kb1 O-O 29. Qd6 Qc3 30. Rd3 Qe1+ 31. Rd1 Qe4 32. Bc5 Rxb2+ 33. Kxb2 Rc8 34. c3 Qxg2+ 35. Rd2 Qb7+ 36. Kc1 Bf5 37. Kd1 Qb1+ 38. Ke2 Re8+ 39. Kf3 Qe4+ 40. Kf2 Qe1+ 41. Kf3 Be4+ 42. Kxf4 Bg6 43.
Bf2 Qe4+ 44. Kg3 h4+ 45. Kh2 Qf3 46. Bxh4 Be4 47. Qd7 Re6 48. Qd8+ Kh7 49. Bg5 Qh1+ 50.
Kg3 Qg1+ 51. Kf4 Qf1+ 52. Kg3 Rg6 53. h4 f6 54. Rh2 Qf3# 0-1

[Event "*** Titled Tuesday Blitz"]
[Site "Chess.com"]
[Date "2018.05.01"]
[Round "9"]
[White "SCIM"]
[Black "vovachesss"]
[Result "0-1"]
[WhiteElo "2384"]
[BlackElo "2393"]
[TimeControl "180+2"]
[EndTime "15:02:25 PDT"]
[Termination "vovachesss won on time"]

1. d4 Nf6 2. c4 e6 3. Nc3 Bb4 4. Qc2 O-O 5. Nf3 d6 6. Bd2 Qe7 7. a3 Bxc3 8. Bxc3 b6 9. e4 Bb7 10. Bd3 e5 11. dxe5 dxe5 12. Nxe5 Nbd7 13. Nxd7 Nxd7 14.
O-O Nc5 15. Rfe1 Rad8 16. Rad1 Bc6 17. Bb4 Rd4 18. Bf1 Rfd8 19. Rxd4 Rxd4 20. Bxc5 Qxc5 21. b4 Qe5 22. f3 f5 23. Qc3 fxe4 24. Rd1 Rd5 25.
Qxe5 Rxe5 26. Rd8+ Kf7 27. Rc8 Re7 28. b5 Bb7 29.
Rb8 c5 30. bxc6 Bxc6 31. fxe4 Bxe4 32. Kf2 Kf6 33. Rc8 Ke5 34. c5 Bb7 35. Rh8 bxc5 36. Rxh7 Rf7+ 37. Ke1 Bd5 38. Rh5+ Kd4 39. Rh4+ Kc3 40.
Rh5 Re7+ 41. Kf2 Rd7 42. Rh3+ Kb2 43. Bb5 Rf7+ 44. Kg1 c4 45. Rh5 c3 46. Bd3 Bc4 47.
Bxc4 c2 48. Rb5+ Kc3 0-1

[Event "*** Titled Tuesday Blitz"]
[Site "Chess.com"]
[Date "2018.05.01"]
[Round "9"]
[White "Kangoroo3000"]
[Black "Angulo07"]
[Result "0-1"]
[WhiteElo "2416"]
[BlackElo "2338"]
[TimeControl "180+2"]
[EndTime "15:02:32 PDT"]
[Termination "Angulo07 won by resignation"]

1. d4 d5 2. c4 e6 3. Nf3 Nf6 4. g3 b6 5. Bg2 Bb7 6. cxd5 Nxd5 7. O-O Be7 8. Re1 O-O 9. e4 Nf6 10. Nc3 Na6 11. Ne5 Nb4 12. a3 Nc6 13. Nxc6 Bxc6 14.
d5 exd5 15. exd5 Bd7 16. Bf4 Bd6 17. Bxd6 cxd6 18. Qd4 Rc8 19. Qf4 Qc7 20. Rac1 Qb8 21. h3 Rfe8 22. g4 h6 23. Bf3 Rxe1+ 24. Rxe1 b5 25. h4 Rc4 26. Ne4 Nxd5 27. Qxd6 Qxd6 28. Nxd6 Rd4 29. Re5 Nf6 30. Nxb5 Bxb5 31. Rxb5 Nxg4 32. Rb8+ Kh7 33. Rb7 a5 34. h5 Ne5 35. Kg2 a4 36.
Rb4 Rxb4 37. axb4 Nd7 38. Bc6 Nb6 39. Kf3 Kg8 40. Ke4 Kf8 41. Kd4 Ke7 42. Kc5 Nd7+ 43. Kd4 Nf6 44. Bf3 Kd6 45. b5 g6 46. hxg6 fxg6 47.
b6 h5 48. b7 Kc7 49. Ke5 Nd7+ 50. Kd4 h4 51. Bg2 g5 52. Bh3 Nf6 53. Bg2 Ng4 54. f3 Nf2 55. Ke3 Nd1+ 56. Kd2 Nxb2 57. Kc3 a3 58. Kb3 Nd1 59. Kxa3 Nf2 60. Kb3 h3 61. Bxh3 Nxh3 62. Kc4 Ng1 63. Kd4 Nxf3+ 64. Ke4 g4 65. Kf4 Ne5 66. Kg3 Kxb7 67. Kf4 Kc6 68. Kxe5 g3 0-1

[Event "*** Titled Tuesday Blitz"]
[Site "Chess.com"]
[Date "2018.05.01"]
[Round "9"]
[White "wadsy27"]
[Black "tomozupan"]
[Result "1-0"]
[WhiteElo "2249"]
[BlackElo "2147"]
[TimeControl "180+2"]
[EndTime "15:02:33 PDT"]
[Termination "wadsy27 won by resignation"]

1. c4 e5 2. g3 Nf6 3. Bg2 Nc6 4. Nc3 Bb4 5. Nd5 Bc5 6. d3 h6 7.
Nf3 d6 8. O-O O-O 9. a3 Nxd5 10.
cxd5 Ne7 11. d4 exd4 12. Nxd4 Bb6 13. b3 Bd7 14. Bb2 Re8 15. e3 Nf5 16. Rc1 Nxd4 17. Bxd4 Bf5 18. Rc4 Qd7 19. Bb2 Re7 20. Qd2 Bh3 21. Bxh3 Qxh3 22. Rfc1 Qf5 23. Rf4 Qg5 24.
h4 Qg6 25. Rcc4 Rxe3 26. Kg2 Re7 27. Rg4 Qf5 28. Rxg7+ Kf8 29. Rcg4 Ke8 30. Rg8+ Kd7 31. Rf4 Qxf4 32. Qxf4 Rxg8 33. Bd4 Bxd4 34. Qxd4 b6 35. Qf4 Rg6 36. Qa4+ Kc8 37. Qxa7 Re5 38. Qa8+ Kd7 39.
Qf8 Rf6 40. Qg7 Rff5 41. Qxh6 Rxd5 42. Qe3 Rde5 43. Qd3 Rd5 44. Qc3 Rc5 45. Qd3 Rcd5 46. Qe4 Rde5 47. Qa4+ Ke7 48. Qc4 Kd7 49. Qg4 Ke7 50.
f4 Rc5 51. b4 Rc2+ 52. Kh3 Rf6 53. Qg5 Rc3 54. h5 Ke6 55. Qg4+ Ke7 56. Qg5 Ke6 57.
h6 Rxa3 58. h7 Ra8 59. Kg4 Rg6 60. f5+ 1-0

[Event "*** Titled Tuesday Blitz"]
[Site "Chess.com"]
[Date "2018.05.01"]
[Round "9"]
[White "AsaHoffmann"]
[Black "bugsbunny444"]
[Result "1/2-1/2"]
[WhiteElo "2042"]
[BlackElo "2326"]
[TimeControl "180+2"]
[EndTime "15:02:38 PDT"]
[Termination "Game drawn by agreement"]

1. d4 e6 2. e4 d5 3. e5 c5 4.
Nf3 cxd4 5. Qxd4 Nc6 6. Qf4 f6 7. Bb5 Bd7 8. Bxc6 bxc6 9. O-O fxe5 10. Qxe5 Nf6 11. Re1 Bc5 12. Be3 Bxe3 13. Rxe3 O-O 14. h3 c5 15. Nbd2 Qb6 16. b3 a5 17. Rae1 a4 18. Qg5 axb3 19. axb3 Ra2 20. Ne5 Bc8 21.
Rg3 Qc7 22. c4 d4 23. Ndf3 Kh8 24. h4 Rg8 25. h5 h6 26. Qg6 Rf8 27. Nh4 Ra7 28.
Qd3 Kg8 29. Nhg6 Re8 30. Rf3 Bb7 31. Rxf6 gxf6 32. Ng4 Qg7 33. Qg3 e5 34. Qh4 Ra6 35. f3 Bc8 36. Nf2 Bf5 37. Ne4 Bxg6 38. hxg6 Qxg6 39.
Nxc5 Rb6 40. Ne4 Rxb3 41. Nxf6+ Kg7 42. Nxe8+ Qxe8 43. Qg3+ Kf6 44. Qh4+ Kg7 45. Qg4+ Kf6 46. Qe4 Qe6 47. f4 Re3 48. fxe5+ Qxe5 49. Rf1+ Kg5 50. Qh7 Re1 51. Qg8+ Kh5 52. Qf7+ Kg5 53. Qf3 Rxf1+ 54. Kxf1 Qf4 55. Ke2 Qc1 56. Kd3 Qc3+ 57.
Ke4 Qxc4 58. Qf5+ Kh4 59. Qh3+ Kg5 60. Qg3+ Kf6 61. Qh4+ Kg6 62. Qg4+ Kf6 63. Qf5+ Kg7 64. Qe5+ Kg6 65. Qxd4 Qxd4+ 66. Kxd4 Kf5 67. Ke3 Kg4 68. Kf2 Kf4 1/2-1/2

[Event "*** Titled Tuesday Blitz"]
[Site "Chess.com"]
[Date "2018.05.01"]
[Round "9"]
[White "Kawhi_Leonard2"]
[Black "saraswathii"]
[Result "0-1"]
[WhiteElo "2160"]
[BlackElo "2277"]
[TimeControl "180+2"]
[EndTime "15:02:41 PDT"]
[Termination "saraswathii won by checkmate"]

1. e4 c5 2. Nf3 e6 3. d4 cxd4 4. Nxd4 Nf6 5. Nc3 Nc6 6. Ndb5 Bb4 7. a3 Bxc3+ 8. Nxc3 d5 9. exd5 exd5 10. Bd3 d4 11.
Ne2 O-O 12. O-O Be6 13. Bg5 h6 14. Bh4 g5 15. Bg3 Qd5 16. f4 Bg4 17. Qd2 Ne4 18.
Bxe4 Qxe4 19. Rae1 Rae8 20. fxg5 Bxe2 21. Rf2 d3 22.
cxd3 Qxd3 23. Rfxe2 Qxd2 24. Rxd2 Rxe1+ 25. Bxe1 hxg5 26. Rd7 Re8 27. Bc3 b6 28. Rc7 Re6 29. g4 Kf8 30. b4 a6 31. a4 Ke8 32. b5 axb5 33.
axb5 Ne7 34. Bd4 Nd5 35. Rc8+ Kd7 36. Rf8 Re4 37. Bxb6 Nxb6 38. Rxf7+ Ke6 39. Rb7 Rxg4+ 40. Kf2 Nd5 41. Rg7 Kf6 42. Rd7 Rf4+ 43. Kg3 Ke6 44. Rg7 Kf6 45. Rd7 Ne7 46. b6 Rb4 47. b7 Ke6 48.
Rc7 Nf5+ 49. Kf3 Nd6 50. Rg7 Kf6 51. Rd7 Nxb7 52. Kg3 Nc5 53. Rd6+ Ke5 54. Rg6 Ne6 55. Rh6 Kf5 56. h4 Rb3+ 57. Kg2 Nf4+ 58. Kf2 g4 59. Rh8 g3+ 60. Kf1 Rb1# 0-1

[Event "*** Titled Tuesday Blitz"]
[Site "Chess.com"]
[Date "2018.05.01"]
[Round "9"]
[White "Jospem"]
[Black "Storne89"]
[Result "0-1"]
[WhiteElo "2681"]
[BlackElo "2555"]
[TimeControl "180+2"]
[EndTime "15:02:44 PDT"]
[Termination "Storne89 won by resignation"]

1. e4 e5 2. Nf3 Nc6 3. Bb5 Nge7 4. c3 d5 5. d4 exd4 6. exd5 Qxd5 7. Bxc6+ Nxc6 8.
cxd4 Bg4 9. Nc3 Bb4 10. O-O Bxc3 11. bxc3 O-O 12. Bf4 Bxf3 13. Qxf3 Qxf3 14. gxf3 Rac8 15.
Rac1 Rfd8 16. Rfd1 Rd5 17. Be3 Ra5 18. Rd2 b6 19. c4 Rf5 20. Kg2 Na5 21. Rd3 Nb7 22. Ra3 Ra5 23. Rcc3 Rxa3 24. Rxa3 Na5 25. Ra4 Rd8 26.
d5 c6 27. c5 Rb8 28. cxb6 axb6 29. Bxb6 Rxb6 30. Rxa5 f6 31. d6 Kf7 32. Ra7+ Ke6 33. Rxg7 Kxd6 34. Ra7 h5 35. Kg3 c5 36. Kh4 c4 37.
Ra3 Rc6 38. Rc3 Rc5 39. f4 Kd5 40. Rc1 Ke4 41. a4 c3 42. a5 Kd3 43. a6 Ra5 44. a7 Kd2 45. Rh1 c2 46. a8=Q Rxa8 47. Kxh5 c1=Q 48. Rxc1 Kxc1 49. Kg6 Kd2 50. Kxf6 Kd3 51.
h4 Ke4 52. h5 Ra6+ 53. Kg7 Kf5 54. h6 Ra7+ 55. Kg8 Kg6 56. f5+ Kxh6 57. f4 Ra8+ 58.
Kf7 Ra7+ 59. Kg8 Kh5 60. Kf8 Kg4 61. f6 Kf5 62. f7 Kf6 63. Ke8 Rxf7 64. f5 Ra7 0-1

[Event "*** Titled Tuesday Blitz"]
[Site "Chess.com"]
[Date "2018.05.01"]
[Round "9"]
[White "platy3"]
[Black "VerdeNotte"]
[Result "1-0"]
[WhiteElo "2690"]
[BlackElo "2629"]
[TimeControl "180+2"]
[EndTime "15:02:51 PDT"]
[Termination "platy3 won by checkmate"]

1. e4 c5 2. Nf3 d6 3. d4 cxd4 4. Nxd4 Nf6 5. Nc3 g6 6. Be3 Bg7 7. f3 Nc6 8. Qd2 O-O 9. O-O-O d5 10. Qe1 e5 11. Nxc6 bxc6 12. exd5 Nxd5 13. Bc4 Be6 14. Kb1 Re8 15. Ne4 f5 16. Ng5 Bc8 17. h4 h6 18.
Ne4 Be6 19. Nc5 Bf7 20. Bc1 Qe7 21. Qf2 e4 22. fxe4 fxe4 23. Bxd5 Bxd5 24. Rhe1 a5 25. Be3 Rab8 26. Bd4 e3 27. Qf4 Rf8 28. Qg4 Bxd4 29. Qxd4 e2 30. Rd2 Rf1 31. Nd3 Rbf8 32. Qg4 Qe4 33.
Qxe4 Rxe1+ 34. Nxe1 Bxe4 35. Rxe2 Bd5 36. b3 Rf4 37. g3 Rg4 38. Re3 g5 39. hxg5 Rxg5 40. c4 Bf7 41. Kc1 Kg7 42. Kd2 Kf6 43. Nc2 c5 44. Rf3+ Ke6 45. Ne1 Bh5 46. Re3+ Kf6 47. Nd3 Bf7 48. Rf3+ Kg7 49. Re3 Kf6 50. Ke2 Bh5+ 51.
Kf2 Bg6 52. Nf4 Bb1 53. Re6+ Kf5 54. Re2 Kg4 55. Nd5 Kh3 56. Nf4+ Kg4 57. Nd5 Kh3 58. Re1 Bh7 59. Rh1+ Kg4 60. Ne3# 1-0

[Event "*** Titled Tuesday Blitz"]
[Site "Chess.com"]
[Date "2018.05.01"]
[Round "9"]
[White "lucasmito"]
[Black "arna"]
[Result "1-0"]
[WhiteElo "2357"]
[BlackElo "2106"]
[TimeControl "180+2"]
[EndTime "15:02:51 PDT"]
[Termination "lucasmito won on time"]

1. e4 c5 2. Nf3 Nc6 3. d4 cxd4 4. Nxd4 e5 5. Nb5 d6 6. N1c3 a6 7. Na3 Be7 8. Nc4 b5 9. Ne3 Nf6 10. Ned5 b4 11. Nxf6+ Bxf6 12. Nd5 O-O 13. a3 bxa3 14. Rxa3 Bg5 15. Rg3 Bxc1 16. Qxc1 Kh8 17. Bd3 Ne7 18.
Qg5 Ng6 19. Qxd8 Rxd8 20. h4 Ra7 21. h5 Ne7 22. h6 g6 23. Nf6 Ng8 24. Nd5 Be6 25.
Ne3 Rb8 26. b3 a5 27. Kd2 Ne7 28. Ra1 Rb4 29. Nc4 a4 30. Nxd6 Rd7 31. Kc3 Rb8 32. Nc4 axb3 33. cxb3 Rc7 34. Ra6 Kg8 35. Re3 Nc6 36. Rb6 Rxb6 37. Nxb6 Nd4+ 38. Nc4 f6 39. Re1 Kf7 40. f4 Ke7 41. fxe5 fxe5 42. Kb2 Rb7 43.
Na5 Rb6 44. Kc3 Nxb3 45. Rb1 Kf6 46. Nxb3 Kg5 47. Nd2 Rc6+ 48. Nc4 Kxh6 49. Rb6 Rxb6 50. Nxb6 Kg5 51. Kd2 Kf4 52. Ke2 Kg3 53. Nc4 Kf4 54.
Ne3 h5 55. Kf2 h4 56. Nd5+ Kg5 57. Ne7 Kf6 58. Nc6 Bd7 59. Nb4 1-0

[Event "*** Titled Tuesday Blitz"]
[Site "Chess.com"]
[Date "2018.05.01"]
[Round "9"]
[White "GulamaliRises"]
[Black "Fy_Rakotomaharo"]
[Result "0-1"]
[WhiteElo "2488"]
[BlackElo "2503"]
[TimeControl "180+2"]
[EndTime "15:02:52 PDT"]
[Termination "Fy_Rakotomaharo won by resignation"]

1. e4 e5 2. Nc3 Nf6 3. f4 d5 4.
fxe5 Nxe4 5. Qf3 Nc6 6. Bb5 Nxc3 7. bxc3 Be7 8. d4 O-O 9. Ne2 f6 10. e6 Bxe6 11. Nf4 Bf7 12. O-O Na5 13. Rb1 c6 14. Bd3 g6 15. Re1 Bd6 16. Ne6 Bxe6 17. Rxe6 Rf7 18. Bf4 Bxf4 19. Qxf4 Kg7 20. Rbe1 Nc4 21. h4 Kh8 22. h5 gxh5 23. Qh6 Qf8 24. Qxh5 Qg8 25. Re7 Raf8 26. R1e6 Qg7 27. Re8 a5 28.
Kf2 a4 29. Rxf8+ Rxf8 30. Re8 Rxe8 31. Qxe8+ Qg8 32. Qe7 Qg7 33. Qd8+ Qg8 34. Qxf6+ Qg7 35. Qd8+ Qg8 36. Qh4 Qf8+ 37. Kg1 Qf7 38. Qd8+ Kg7 39. Qg5+ Kf8 40. Qh6+ Kg8 41. Qg5+ Kf8 42. Qd8+ Kg7 43. g3 Nb2 44. Qg5+ Kf8 45. Bf1 Nd1 46. Qd2 Nb2 47.
Qc1 a3 48. Qg5 Qf3 49. Bg2 Qf7 50. Kh2 Nd1 51. Qd8+ Kg7 52. Qg5+ Qg6 53. Qe7+ Kh6 54. Qe1 Qh5+ 55. Kg1 Qg4 56. Kh2 Qh5+ 57. Kg1 Qg4 58.
Bf1 Qf3 59. Be2 Qe3+ 60. Kg2 Nxc3 61. Qh1+ Kg7 62. Bd3 Ne4 63. Qh4 Qg5 64. Qh3 Qd2+ 65. Kg1 Qf2+ 66. Kh1 Nxg3+ 0-1